 Dungeon Crawl Stone Soup version 0.27-a0-679-g77a6b55cf3 (webtiles) character file.

Game seed: 3939045874706310433

189 kenlaan the Ruffian (level 5, -1/53 HPs)
             Began as a Troll Monk on Mar 18, 2021.
             Slain by Pikel
             ... wielding a +1 whip of flaming
              (2 damage)
             ... on level 4 of the Dungeon.
             The game lasted 00:05:52 (2100 turns).

kenlaan the Ruffian (Troll Monk)                    Turns: 2100, Time: 00:05:53

Health: -1/53      AC:  4    Str: 20    XL:     5   Next: 40%
Magic:  4/4        EV: 10    Int:  6    God:
Gold:   126        SH:  0    Dex: 12    Spells: 4/4 levels left

rFire    . . .     SeeInvis .     - Unarmed
rCold    . . .     Faith    .   (no shield)
rNeg     . . .     Spirit   .   q - +0 robe {Will+}
rPois    .         Reflect  .   (helmet restricted)
rElec    .         Harm     .   (no cloak)
rCorr    .         Rampage  .   (gloves unavailable)
Will     +....                  (boots unavailable)
Stlth    ++........             (no amulet)
HPRegen  1.17/turn              (no ring)
MPRegen  0.09/turn              (no ring)

@: brilliant
A: large, unfitting armour, claws 3, regeneration 1, shaggy fur 1, tough skin 1
a: no special abilities


You were on level 4 of the Dungeon.
You visited 1 branch of the dungeon, and saw 4 of its levels.

You collected 126 gold pieces.

Inventory:

Missiles
 f - 6 boomerangs (quivered)
Armour
 q - a +0 robe of willpower (worn)
Wands
 l - a wand of iceblast (9)
Scrolls
 d - a scroll of enchant armour {unknown}
 e - a scroll of blinking
 j - a scroll of fear {unknown}
 n - a scroll of brand weapon {unknown}
 o - a scroll of random uselessness {unknown}
Potions
 c - a potion of resistance
 i - a potion of ambrosia {unknown}
 k - a potion of flight


   Skills:
 + Level 3.0 Fighting
 + Level 3.4 Dodging
 + Level 1.3 Stealth
 + Level 4.6 Unarmed Combat


You had 4 spell levels left.
You didn't know any spells.
Your spell library contained the following spells:

 Spells                   Type           Power      Damage    Failure   Level
 Magic Dart               Conj           0%         1d3       45%         1
 Blink                    Tloc           N/A        N/A       58%         2
 Call Imp                 Summ           0%         N/A       58%         2
 Slow                     Hex            0%         N/A       58%         2
 Conjure Flame            Conj/Fire      0%         6-21      83%         3
 Mephitic Cloud           Conj/Pois/Air  0%         N/A       83%         3


Dungeon Overview and Level Annotations

Branches:
Dungeon (4/15)
 Temple: D:4-7

Altars:
Qazlal
Trog
Yredelemnul

Shops:
D:2 =

Annotations:
D:4 Pikel


Innate Abilities, Weirdness & Mutations

You are too large for most types of armour.
You have claws for hands.
Your natural rate of healing is unusually fast.
You are covered in fur. (AC +1)
You have tough skin. (AC +1)


Message History

You barely miss Pikel.
Pikel is heavily wounded.
Pikel closely misses you.
You closely miss Pikel.
Pikel is heavily wounded.
Pikel hits you with a +1 whip of flaming.
Pikel burns you.
You closely miss Pikel.
Pikel is heavily wounded.
Pikel hits you with a +1 whip of flaming!
Pikel burns you.
You claw Pikel!
Pikel is severely wounded.
Pikel barely misses you.
It was a potion of brilliance.
You feel clever all of a sudden.
Pikel hits you with a +1 whip of flaming!
* * * LOW HITPOINT WARNING * * *
Pikel burns you.
* * * LOW HITPOINT WARNING * * *
It was a potion of curing.
You feel better.
Pikel hits you with a +1 whip of flaming.
* * * LOW HITPOINT WARNING * * *
Pikel burns you.
* * * LOW HITPOINT WARNING * * *
You barely miss Pikel.
Pikel is severely wounded.
Pikel hits you with a +1 whip of flaming!
* * * LOW HITPOINT WARNING * * *
Pikel burns you.
* * * LOW HITPOINT WARNING * * *
You claw Pikel!
Pikel is almost dead.
Pikel closely misses you.
You closely miss Pikel.
Pikel is almost dead.
Pikel hits you with a +1 whip of flaming.
* * * LOW HITPOINT WARNING * * *
Pikel burns you.
You die...

..[# #..# #..#
#..# #..######
#..##...
.#.#.###...#.####
....555K@.......#
.###.###...#.##.#
#.# ##(##.##.#
#>###.####.##.##.#
#.##..........##.#
#(###.####.#####<#
#.# ##........#
###.# ##.....#####
#...# ##.......##


You could see Pikel and 3 lemures.

Vanquished Creatures
  A lemure (D:4)
  An orc priest (D:3)
  2 orc wizards (D:3)
  A gnoll (D:3)
  2 adders (D:3)
  A shadow imp (D:3)
  2 worms
  2 dart slugs
  8 orcs (D:3)
  3 giant cockroaches
  4 hobgoblins
  4 jackals
  2 quokkas
  2 bats (D:3)
  3 frilled lizards (D:2)
  6 goblins
  8 kobolds
  6 rats
  A spectral orc (D:3)
59 creatures vanquished.

Notes
Turn   | Place    | Note
-------+----------+-------------------------------------------
     0 | D:1      | kenlaan the Troll Monk began the quest for the Orb.
     0 | D:1      | Reached XP level 1. HP: 22/22 MP: 0/0
   537 | D:1      | Reached XP level 2. HP: 26/29 MP: 1/1
  1045 | D:2      | Found Wufiehy's Jewellery Shoppe.
  1115 | D:2      | Found a bloodstained altar of Trog.
  1119 | D:2      | Reached XP level 3. HP: 36/36 MP: 2/2
  1226 | D:3      | Reached XP level 4. HP: 27/44 MP: 3/3
  1227 | D:3      | Reached skill level 4 in Unarmed Combat
  1343 | D:3      | Found a stormy altar of Qazlal.
  1505 | D:3      | Reached XP level 5. HP: 49/53 MP: 4/4
  1898 | D:3      | Found a basalt altar of Yredelemnul.
  2037 | D:4      | Noticed a lemure
  2037 | D:4      | Noticed a lemure
  2058 | D:4      | Killed a lemure
  2073 | D:4      | Noticed Pikel
  2076 | D:4      | Noticed a lemure
  2088 | D:4      | Noticed a lemure
  2100 | D:4      | HP: 1/53 [Pikel/+1 whip of flaming (5)]
  2100 | D:4      | Slain by Pikel

Illustrated notes

Levels and vault maps discovered:
D:1:      evilmike_arrival_hilbert_curve, layout_loops_corners
D:2:      kennysheep_the_goblin_king, layout_loops_ring, bloody_trog,
          serial_shops, shop, kennysheep_boxes
D:3:      layout_loops_ring, yredelemnul_forgotten_temple_becter,
          nicolae_qazlal_scattered_showers
D:4:      layout_loops_corners, nicolae_overflow_crystal_walls,
          kennysheep_generic_room_6, uniq_menkaure, uniq_robin, uniq_edmund,
          uniq_pikel

Skill      XL: |  1  2  3  4 |
---------------+-------------+-----
Dodging        | 3 |  3.4
Unarmed Combat | 4 |  4.6
Fighting       | 3 |  3.0
Stealth        | |  1.3

Action                   |  1- 3 |  4- 6 || total
-------------------------+-------+-------++-------
Melee: Unarmed           |    62 |   100 ||   162
       Punch             |     1 |     1 ||     2
  Use: Potion            |       |     5 ||     5
       Scroll            |       |     2 ||     2
 Stab: Sleeping          |     2 |     2 ||     4
Armor: Robe              |    12 |    20 ||    32
Dodge: Dodged            |    28 |    40 ||    68

Table legend: (Time is in decaauts)
 A = Elapsed time spent in this place.
 B = Non-inter-level travel time spent in this place.
 C = Inter-level travel time spent in this place.
 D = Time resting spent in this place.
 E = Time spent auto-exploring this place.
 F = Levels seen in this place.
 G = Mean time per level.
                   A        B        C        D        E       F      G
               +--------+--------+--------+--------+--------+-----+--------+
         Total |   2089 |   2011 |     78 |     44 |   1402 |   4 |  522.2 |
       Dungeon |   2089 |   2011 |     78 |     44 |   1402 |   4 |  522.2 |
               +--------+--------+--------+--------+--------+-----+--------+

Top non-repeatable levels by time:
     D:1: 898 daAuts
     D:3: 805 daAuts
     D:2: 290 daAuts
     D:4: 95 daAuts
